[Event "Team 45 45 League T66"]
[Site "Internet Chess Club"]
[Date "2015.10.10"]
[Round "5"]
[White "oldbookseller"]
[Black "Zugzwanged"]
[Result "0-1"]
[WhiteElo "1063"]
[BlackElo "1642"]
[Opening "Colle system"]
[ECO "A45"]
[Time "09:18:38"]
[TimeControl "2700+45"]

1. d4 Nf6 2. e3 e6 3. Bd3 d5 4. Nf3 c5 5. c3 Nc6 6. Nbd2 Bd6 7. O-O O-O 8. e4 e5
9. Re1 Re8 10. exd5 Nxd5 11. Ne4 cxd4 12. Bc2 Bg4 13. Qd3 f5 14. Neg5 e4 15. Qc4
Ne7 16. Nh4 h6 17. Nf7 Kxf7 18. Qxd4 Qb6 19. Be3 Qxd4 20. Bxd4 g5 21. Nxf5 Bxf5
22. Bxe4 Bxe4 23. Rxe4 Ng6 24. Rg4 Nf6 25. Bxf6 Kxf6 26. Rd4 Bc5 27. Rd5 Bb6 28.
Rf1 Red8 29. Rfd1 Rxd5 30. Rxd5 Rd8 31. c4 Rxd5 32. cxd5 Ke5 33. g3 Kxd5 34. a3
Bd4 35. Kf1 Bxb2 36. f4 gxf4 37. gxf4 Nxf4 38. Kf2 Bxa3 39. Kf3 Bd6 {White
resigns} 0-1

[Event "Team 45 45 League T66"]
[Site "Internet Chess Club"]
[Date "2015.10.02"]
[Round "5"]
[White "tuantuan"]
[Black "ticopatzer"]
[Result "0-1"]
[WhiteElo "1599"]
[BlackElo "1718"]
[Opening "Petrov: Nimzovich attack"]
[ECO "C42"]
[Time "19:58:29"]
[TimeControl "2700+45"]

1. e4 e5 2. Nf3 Nf6 3. Nxe5 d6 4. Nf3 Nxe4 5. Nc3 Nxc3 6. dxc3 Be7 7. Be3 Nd7 8.
Qd2 Nf6 9. O-O-O O-O 10. h4 Be6 11. Kb1 Qd7 12. Bd3 Qa4 13. b3 Qg4 14. h5 Qxg2
15. Nd4 Ne4 16. Bxe4 Qxe4 17. h6 g6 18. Nxe6 Qxe6 19. Rhg1 Bf6 20. Rde1 Qf5 21.
Bd4 Rfe8 22. Bxf6 Qxf6 23. Ref1 a5 24. f4 a4 25. f5 Qe5 26. fxg6 fxg6 27. Re1
Qh5 28. Ref1 axb3 29. cxb3 Re2 30. Qf4 Qd5 31. Rd1 Qf7 32. Qb4 Qf5+ 33. Rd3
Qxd3+ {White resigns} 0-1

[Event "Team 45 45 League T66"]
[Site "Internet Chess Club"]
[Date "2015.10.06"]
[Round "5"]
[White "rayonline53"]
[Black "anishio"]
[Result "1-0"]
[WhiteElo "1477"]
[BlackElo "1657"]
[Opening "Giuoco Piano"]
[ECO "C50"]
[Time "21:31:25"]
[TimeControl "2700+45"]

1. e4 e5 2. Nf3 Nc6 3. Bc4 Bc5 4. O-O Nf6 5. d3 h6 6. Nc3 d6 7. h3 Bd7 8. a3 a6
9. Kh1 Qc8 10. Nd5 Nxd5 11. Bxd5 Ne7 12. Bb3 Ng6 13. Nh2 h5 14. f4 exf4 15. Bxf4
Be6 16. Bxe6 Qxe6 17. Bd2 O-O-O 18. Nf3 f6 19. Qe1 Ne5 20. Be3 Nxf3 21. Rxf3
Bxe3 22. Qxe3 Kb8 23. Raf1 Rdf8 24. Qd4 Rh6 25. Rf5 g5 26. Rxg5 Rhh8 27. Rgf5
Rh6 28. Qe3 Rhh8 29. Qf4 Kc8 30. Rxf6 Rxf6 31. Qxf6 Qxf6 32. Rxf6 Kd7 33. Kg1
Ke7 34. Rf5 c6 35. Kf2 Ke6 36. Ke3 b5 37. b4 h4 38. Rf4 Ke5 39. Rg4 Kf6 40. Kf4
c5 41. c3 cxb4 42. cxb4 Rh7 43. Ke3 Rh5 44. Kd4 Kf7 45. Rf4+ Ke6 46. Rf5 Rh8 47.
Rg5 Kf6 48. Rg4 Rh7 49. Kd5 Ke7 50. Kc6 {Black resigns} 1-0

[Event "Team 45 45 League T66"]
[Site "Internet Chess Club"]
[Date "2015.10.11"]
[Round "5"]
[White "ahxm"]
[Black "evan7284"]
[Result "1/2-1/2"]
[WhiteElo "1283"]
[BlackElo "1720"]
[Opening "Four knights: double Ruy Lopez"]
[ECO "C49"]
[Time "16:00:23"]
[TimeControl "2700+45"]

1. e4 e5 2. Nf3 Nf6 3. Nc3 Nc6 4. Bb5 Bb4 5. O-O O-O 6. a3 Bxc3 7. dxc3 d6 8.
Bg5 Bg4 9. h3 Bh5 10. Re1 Qe7 11. Be2 Nd8 12. Nh2 Bxe2 13. Qxe2 Ne6 14. Bh4 Nf4
15. Qd1 Ng6 16. Bg5 h6 17. Bd2 Rad8 18. Nf3 Nh5 19. Qe2 Nhf4 20. Bxf4 Nxf4 21.
Qb5 c6 22. Qa4 a6 23. Rad1 Qf6 24. Qb3 b5 25. Qb4 Qg6 26. Nh4 Qg5 27. g3 Nxh3+
28. Kg2 Nf4+ 29. Kg1 Nh3+ 30. Kg2 Nf4+ 31. Kg1 Nh3+ 32. Kg2 {Game drawn by
repetition} 1/2-1/2

[Event "Team 45 45 League T66"]
[Site "Internet Chess Club"]
[Date "2015.10.03"]
[Round "5"]
[White "Electryon"]
[Black "bhxm"]
[Result "1/2-1/2"]
[WhiteElo "1374"]
[BlackElo "1336"]
[Opening "English, 1...Nf6 (Anglo-Indian defense)"]
[ECO "A15"]
[Time "18:05:09"]
[TimeControl "2700+45"]

1. c4 Nf6 2. g3 g6 3. Bg2 Bg7 4. Nc3 c6 5. Nf3 d5 6. cxd5 cxd5 7. d4 Nc6 8. O-O
O-O 9. Bf4 Be6 10. Qc1 Qd7 11. Bh6 Bh3 12. Bxg7 Kxg7 13. a3 Bxg2 14. Kxg2 Ne4
15. e3 Rae8 16. Qc2 Nxc3 17. Qxc3 Qf5 18. Rac1 e5 19. Nxe5 Nxe5 20. dxe5 Qe4+
21. f3 Qxe5 22. Qxe5+ Rxe5 23. Rc3 Rfe8 24. Rd1 Rxe3 25. Rxe3 Rxe3 26. Rxd5 Re2+
27. Kh3 Rxb2 28. Ra5 a6 29. a4 Kh6 30. g4 Ra2 31. Kg3 f5 32. h4 fxg4 33. fxg4 b5
34. Rxa6 Rxa4 35. Rb6 b4 36. Rb8 Ra3+ 37. Kf4 b3 38. g5+ Kh5 39. Rh8 Ra7 40. Rb8
Ra4+ 41. Kg3 Ra3 42. Rb7 b2+ 43. Kf4 Ra4+ 44. Kg3 Ra3+ 45. Kf4 Ra4+ 46. Kg3 Ra3+
{Game drawn by repetition} 1/2-1/2

[Event "Team 45 45 League T66"]
[Site "Internet Chess Club"]
[Date "2015.10.05"]
[Round "5"]
[White "RD1974"]
[Black "zap2"]
[Result "0-1"]
[WhiteElo "1667"]
[BlackElo "1829"]
[Opening "Caro-Kann: Panov-Botvinnik attack"]
[ECO "B13"]
[Time "15:53:21"]
[TimeControl "2700+45"]

1. e4 c6 2. d4 d5 3. exd5 cxd5 4. c4 Nf6 5. cxd5 Nxd5 6. Nc3 Nc6 7. Bb5 Nxc3 8.
bxc3 Qd5 9. Bf1 e5 10. Nf3 Bg4 11. Be2 exd4 12. Nxd4 Nxd4 13. cxd4 Qxg2 14. Rf1
Bb4+ 15. Bd2 Bxd2+ 16. Kxd2 Bd7 17. Bf3 Qg5+ 18. Kd3 Bb5+ 19. Kc3 Rc8+ 20. Kb2
Bxf1 21. Qe1+ Kd7 22. Rd1 Qb5+ 23. Ka1 Rc2 24. Bg4+ f5 25. Rb1 Rxa2+ 26. Kxa2
Qa4+ 27. Kb2 Qxd4+ 28. Ka3 Qc5+ 29. Kb2 Bd3 30. Bxf5+ Qxf5 31. Rd1 Kc8 32. Qc3+
Kb8 33. Rxd3 Qxf2+ 34. Rd2 Qf6 35. Qxf6 gxf6 36. Rd7 h5 37. Rf7 Rh6 38. Kc3 a6
39. Kc4 Ka7 40. Kc5 h4 41. Kd6 Kb6 42. h3 a5 43. Kd5 a4 44. Kc4 Kc6 45. Kb4 b5
46. Rf8 Rg6 47. Rc8+ Kb7 48. Rh8 Rg3 49. Rxh4 Kb6 {White resigns} 0-1

[Event "Team 45 45 League T66"]
[Site "Internet Chess Club"]
[Date "2015.10.04"]
[Round "5"]
[White "RUPIS"]
[Black "bayoumicardio10"]
[Result "1-0"]
[WhiteElo "1680"]
[BlackElo "1569"]
[Opening "Pirc: Byrne variation"]
[ECO "B07"]
[Time "14:00:41"]
[TimeControl "2700+45"]

1. e4 d6 2. d4 Nf6 3. Nc3 g6 4. Bg5 h6 5. Bxf6 exf6 6. h4 f5 7. h5 Bg7 8. Nf3
fxe4 9. Nxe4 Bg4 10. hxg6 fxg6 11. Bd3 Bxd4 12. Bb5+ c6 13. Qxd4 O-O 14. Be2
Bxf3 15. Bxf3 Rf4 16. Rxh6 Rxe4+ 17. Bxe4 Qg5 {Black resigns} 1-0

[Event "Team 45 45 League T66"]
[Site "Internet Chess Club"]
[Date "2015.10.04"]
[Round "5"]
[White "OGO"]
[Black "Schachteufel"]
[Result "0-1"]
[WhiteElo "1535"]
[BlackElo "1732"]
[Opening "English: symmetrical, Benoni formation"]
[ECO "A31"]
[Time "10:01:05"]
[TimeControl "2700+45"]

1. d4 Nf6 2. c4 c5 3. Nf3 b5 4. e3 a6 5. b3 cxd4 6. Nxd4 e5 7. Qf3 Ra7 8. Ne2
bxc4 9. bxc4 Bb4+ 10. Nec3 Bb7 11. Qg3 O-O 12. Bd3 e4 13. Bc2 d5 14. O-O dxc4
15. a3 Bd6 16. Qh4 Qe7 17. Nd2 Re8 18. f4 Nbd7 19. Nxc4 Rc8 20. Nxd6 Qxd6 21.
Rd1 Qc5 22. Bd2 Nd5 23. Qe1 N7f6 24. Bxe4 Nxf4 25. Qf2 Nxe4 26. Nxe4 Nh3+ 27.
gxh3 Bxe4 28. Qf4 f5 29. Rac1 Qf8 30. Bb4 Qe8 31. Rxc8 Qxc8 32. Qd6 Ra8 33. Qe7
Qe8 34. Qd6 a5 35. Bc3 Rc8 36. Bxa5 Rc2 37. Qd8 Rg2+ 38. Kf1 Qxd8 39. Rxd8+ Kf7
40. Bc7 Ra2 41. Bd6 Ke6 42. Bc5 Rxh2 43. Rg8 g6 44. Re8+ Kd5 45. Bd4 Ra2 46.
Re5+ Kc4 47. Re7 h5 48. Rg7 f4 49. Rxg6 Bxg6 {White resigns} 0-1

[Event "Team 45 45 League T66"]
[Site "Internet Chess Club"]
[Date "2015.10.03"]
[Round "5"]
[White "Skeptic1972"]
[Black "justice02"]
[Result "1/2-1/2"]
[WhiteElo "1716"]
[BlackElo "1617"]
[Opening "French: Winawer, advance variation"]
[ECO "C18"]
[Time "14:00:28"]
[TimeControl "2700+45"]

1. e4 e6 2. d4 d5 3. Nc3 Bb4 4. e5 c5 5. a3 Bxc3+ 6. bxc3 Bd7 7. Qg4 Ne7 8. Qxg7
Rg8 9. Qxh7 Qc7 10. Nf3 cxd4 11. Qd3 Qxc3+ 12. Qxc3 dxc3 13. Nd4 a6 14. f4 Nbc6
15. Be3 Rc8 16. O-O-O Na5 17. g3 Nc4 18. Bxc4 Rxc4 19. Nb3 Nc6 20. Rd3 Ra4 21.
Rxc3 Rxa3 22. Kb2 Ra4 23. Nc5 Rb4+ 24. Rb3 Rxb3+ 25. cxb3 b6 26. Nb7 d4 27. Nd6+
Ke7 28. Bd2 f6 29. Nc4 fxe5 30. Nxe5 Nxe5 31. fxe5 Bc6 32. Rd1 Kf7 33. Rf1+ Kg7
34. Rf6 Bd5 35. Kc2 Rc8+ 36. Kb2 d3 37. Bc3 b5 38. b4 Rc4 39. Rf4 Rxf4 40. gxf4
Kg6 41. Be1 Kf5 42. Bg3 Ke4 43. Kc1 Ke3 44. Be1 Kxf4 45. Kd2 Kxe5 46. Kxd3 Bc4+
47. Ke3 Kf5 48. Kd4 e5+ 49. Kc5 e4 50. Kb6 e3 51. Kxa6 e2 52. h4 Kg4 53. Kb6 Kh5
54. Kc5 Kg4 55. Kd4 Kf5 56. Ke3 {Game drawn by mutual agreement} 1/2-1/2

[Event "Team 45 45 League T66"]
[Site "Internet Chess Club"]
[Date "2015.10.04"]
[Round "5"]
[White "zepled37"]
[Black "nidusin2"]
[Result "1/2-1/2"]
[WhiteElo "1681"]
[BlackElo "1586"]
[Opening "Ruy Lopez: Berlin defense"]
[ECO "C65"]
[Time "09:03:54"]
[TimeControl "2700+45"]

1. e4 Nc6 2. Nf3 e5 3. Bb5 Nf6 4. d3 d6 5. c3 Bg4 6. Nbd2 Be7 7. O-O O-O 8. Re1
a6 9. Ba4 b5 10. Bc2 Re8 11. h3 Bc8 12. d4 Bf8 13. a4 Bb7 14. Bd3 exd4 15. cxd4
Na7 16. Qc2 h6 17. Nf1 c5 18. Ng3 c4 19. Bf1 Bc6 20. axb5 axb5 21. d5 Bb7 22. b3
Nd7 23. bxc4 bxc4 24. Qxc4 Nc5 25. Bb2 Nc8 26. Rxa8 Bxa8 27. Qd4 Nb6 28. Nf5 f6
29. Bb5 Nbd7 30. Ng3 Qc7 31. Rc1 Rb8 32. Bxd7 Qxd7 33. Re1 Nd3 34. Qxd3 Rxb2 35.
Rb1 Rxb1+ 36. Qxb1 Qb7 37. Qxb7 Bxb7 38. Nd4 g6 39. f3 h5 40. h4 Kf7 41. Kf2 Bh6
42. Nge2 Ba6 43. Nc3 Bd2 44. Ncb5 Bb4 45. Nc7 Bc4 46. Kg3 Be1+ 47. Kh3 Bf2 48.
Nce6 Bf1 49. Nc6 Bb5 50. Ncd8+ Ke7 51. Nb7 Ba6 52. Na5 Be1 53. Nc6+ Kf7 54. Nf4
Bf2 55. Nd8+ Kg7 56. Nfe6+ Kg8 57. Nc6 Kf7 58. Nc7 Bc8+ 59. g4 hxg4+ 60. fxg4
Bd7 61. Nd8+ Ke7 62. Nde6 Ba4 63. g5 fxg5 64. Nxg5 Bc2 65. Nce6 Kf6 66. Nf4 Be1
67. Ne2 Bd2 68. Nd4 Bd3 69. Ndf3 Be3 70. Kg3 Bc1 71. Kf2 Bf4 72. Ne6 Bc1 73.
Neg5 Bf4 74. Nh3 Bc1 75. Nhg5 Bf4 76. Ke1 Be3 77. Kd1 Bf4 78. Ne6 Bxe4 79. Nxf4
Bxf3+ 80. Kd2 {Game drawn by mutual agreement} 1/2-1/2

[Event "Team 45 45 League T66"]
[Site "Internet Chess Club"]
[Date "2015.10.04"]
[Round "5"]
[White "Ajolote"]
[Black "Grenadier"]
[Result "1-0"]
[WhiteElo "1648"]
[BlackElo "1572"]
[Opening "Caro-Kann: Steinitz variation"]
[ECO "B17"]
[Time "19:00:52"]
[TimeControl "2700+45"]

1. e4 c6 2. d4 d5 3. Nc3 dxe4 4. Nxe4 Nd7 5. Nf3 Ngf6 6. Nxf6+ Nxf6 7. Bc4 Bf5
8. c3 e6 9. O-O Be7 10. Bd3 Bg4 11. h3 Bh5 12. Re1 Qc7 13. Be3 Nd5 14. Bc4 O-O
15. Bxd5 cxd5 16. g4 Bg6 17. Ne5 Bd6 18. Nxg6 hxg6 19. Kg2 Rae8 20. Qb3 b6 21.
Rf1 Bf4 22. Rae1 g5 23. Re2 Qc6 24. Bxf4 gxf4 25. Rfe1 Qc7 26. f3 Qe7 27. Qxd5
Qh4 28. Qe4 Qg3+ 29. Kh1 Qxh3+ 30. Rh2 f5 31. Qe2 Qg3 32. Rg1 fxg4 33. fxg4 Qe3
34. Qxe3 fxe3 35. Re2 Rf3 36. Rge1 Rf2 37. Rxf2 exf2 38. Rf1 Rf8 39. Kg2 Rf4 40.
Kg3 g5 41. Rxf2 Re4 42. Kf3 Re1 43. Re2 Rb1 44. Rg2 Kf7 45. Rf2 Rc1 46. Ke2+ Ke7
47. Kf3 a5 48. a3 Rh1 49. Kg2 Rh4 50. Kg3 Rh6 51. Kg2 Kd6 52. Re2 Kd5 53. Re5+
Kc4 54. Rxg5 Kb3 55. Rb5+ Kc4 56. Rxb6 Rg6 57. Kg3 Kd3 58. d5 {Black resigns}
1-0

[Event "Team 45 45 League T66"]
[Site "Internet Chess Club"]
[Date "2015.10.03"]
[Round "5"]
[White "chessfan"]
[Black "f5"]
[Result "1-0"]
[WhiteElo "2085"]
[BlackElo "2003"]
[Opening "Sicilian: Nimzovich-Rossolimo attack (with ...g6, without ...d6)"]
[ECO "B31"]
[Time "14:00:33"]
[TimeControl "2700+45"]

1. e4 c5 2. Nf3 Nc6 3. Bb5 g6 4. Bxc6 dxc6 5. d3 Bg7 6. h3 Nf6 7. Nc3 Nd7 8. Be3
e5 9. Qd2 Qe7 10. Bh6 f6 11. Bxg7 Qxg7 12. Qe3 Qe7 13. Nd2 Nf8 14. f4 exf4 15.
Qxf4 Be6 16. O-O Nd7 17. Rae1 O-O-O 18. Nd5 cxd5 19. exd5 Nf8 20. Qc4 Bxd5 21.
Rxe7 Bxc4 22. Nxc4 b5 23. Na5 Nd7 24. Nc6 Rde8 25. Nxa7+ Kd8 26. Rxe8+ Rxe8 27.
Nxb5 Re2 28. Rc1 f5 29. Kf1 Re6 30. Re1 Ra6 31. a3 g5 32. Kf2 h5 33. b3 h4 34.
a4 Rg6 35. d4 g4 36. dxc5 Nxc5 37. hxg4 fxg4 38. a5 h3 39. Kg3 hxg2 40. Kxg2 Kd7
41. Kg3 Kc6 42. Nd4+ Kd5 43. Nf5 Ra6 44. c4+ Kc6 45. b4 Ra8 46. Nd4+ Kd6 47.
Nb5+ Kc6 48. Re7 Na6 49. Kxg4 Rg8+ 50. Kf5 Rf8+ 51. Ke5 Rh8 52. Na7# {Black
checkmated} 1-0

[Event "Team 45 45 League T66"]
[Site "Internet Chess Club"]
[Date "2015.10.03"]
[Round "5"]
[White "alegro"]
[Black "dp15"]
[Result "1-0"]
[WhiteElo "1952"]
[BlackElo "1985"]
[Opening "Ruy Lopez: closed, anti-Marshall 8.a4"]
[ECO "C88"]
[Time "12:25:52"]
[TimeControl "2700+45"]

1. e4 e5 2. Nf3 Nc6 3. Bb5 a6 4. Ba4 Nf6 5. O-O Be7 6. Re1 b5 7. Bb3 O-O 8. a4
b4 9. d4 d6 10. c3 Bg4 11. Be3 Rb8 12. Nbd2 Na5 13. Bc2 b3 14. Bd3 c5 15. dxc5
d5 16. h3 dxe4 17. Bxe4 Bxf3 18. Bxf3 Qc7 19. Qe2 Rfd8 20. Qxa6 Bxc5 21. Nc4
Bxe3 22. Nxa5 Rd6 23. Qe2 Bxf2+ 24. Kxf2 Qxa5 25. Qxe5 Rd2+ 26. Kf1 Qxe5 27.
Rxe5 Rxb2 28. Rb5 Rxb5 29. axb5 Kf8 30. b6 Ra2 31. Rb1 b2 32. b7 Nd7 33. Ke2 Ke7
34. Bd5 Ra5 35. c4 f6 36. Rxb2 Nb8 37. Kd3 Kd7 38. Kd4 Ra1 39. Re2 Rd1+ 40. Kc5
h6 41. Bf3 Rb1 42. Bg4+ Kd8 43. Rd2+ Kc7 44. Bf3 Rb6 45. Re2 Nd7+ 46. Kd4 Rd6+
47. Kc3 Ne5 48. Bd5 Rd7 49. Rb2 Rd8 50. Kd4 Nc6+ 51. Ke4 Ne7 52. Rb5 Nxd5 53.
cxd5 Kb8 54. Kf5 Rd7 55. Ke6 Rc7 56. d6 Rc2 57. d7 Re2+ 58. Kf7 Rd2 59. Ke7 Re2+
60. Kd6 Rd2+ 61. Rd5 Rxd5+ 62. Kxd5 {Black resigns} 1-0

[Event "Team 45 45 League T66"]
[Site "Internet Chess Club"]
[Date "2015.10.03"]
[Round "5"]
[White "hood"]
[Black "santiagoelawad"]
[Result "1-0"]
[WhiteElo "2075"]
[BlackElo "2024"]
[Opening "Caro-Kann: Steinitz variation"]
[ECO "B17"]
[Time "12:24:34"]
[TimeControl "2700+45"]

1. e4 c6 2. d4 d5 3. Nc3 dxe4 4. Nxe4 Nd7 5. Nf3 Ngf6 6. Nxf6+ Nxf6 7. Bc4 Bf5
8. O-O e6 9. c3 Bg4 10. h3 Bxf3 11. Qxf3 Be7 12. Bf4 O-O 13. Rae1 Nd5 14. Be5
Bf6 15. Bh2 b5 16. Bd3 g6 17. a4 a6 18. Ra1 Bg7 19. Be4 Qf6 20. Bxd5 cxd5 21.
Qe2 b4 22. Bd6 Rfc8 23. Bxb4 Bf8 24. Bxf8 Kxf8 25. Rfd1 Rc4 26. Rd3 Rb8 27. Rf3
Qe7 28. Qe5 Qc7 29. Qh8+ Ke7 30. Qxh7 Rf8 31. Qh4+ Ke8 32. Qg5 Qb8 33. Re1 Kd7
34. Qe3 Qd6 35. b3 Rc6 36. Qh6 Rb6 37. c4 dxc4 38. bxc4 Rb4 39. c5 Qe7 40. d5
{Black resigns} 1-0

[Event "Team 45 45 League T66"]
[Site "Internet Chess Club"]
[Date "2015.10.03"]
[Round "5"]
[White "Freitac"]
[Black "joebobpop"]
[Result "1-0"]
[WhiteElo "1877"]
[BlackElo "1892"]
[Opening "Neo-Grünfeld, 6.cd Nxd5, 7.O-O"]
[ECO "D75"]
[Time "12:02:07"]
[TimeControl "2700+45"]

1. d4 Nf6 2. c4 g6 3. g3 Bg7 4. Bg2 d5 5. cxd5 Nxd5 6. Nf3 O-O 7. O-O c5 8. e4
Nb4 9. d5 f5 10. Nc3 fxe4 11. Ng5 h6 12. Ngxe4 b6 13. a3 N4a6 14. d6 Nc6 15.
Qd5+ e6 16. Qxc6 Bd7 17. Qb7 Qc8 18. Qxc8 Raxc8 19. Be3 {Black resigns} 1-0

[Event "Team 45 45 League T66"]
[Site "Internet Chess Club"]
[Date "2015.10.03"]
[Round "5"]
[White "flacoligth"]
[Black "Jack-ONeill"]
[Result "1-0"]
[WhiteElo "2006"]
[BlackElo "2014"]
[Opening "Budapest: Adler variation"]
[ECO "A52"]
[Time "07:03:28"]
[TimeControl "2700+45"]

1. d4 Nf6 2. c4 e5 3. dxe5 Ng4 4. Nf3 Bc5 5. e3 Nc6 6. Nc3 O-O 7. Be2 Re8 8. O-O
Ngxe5 9. a3 a5 10. b3 Nxf3+ 11. Bxf3 Ne5 12. Bb2 Nxf3+ 13. Qxf3 Qh4 14. Nb5 Ra6
15. Nxc7 Rh6 16. h3 Re4 17. Nd5 d6 18. Nf4 f5 19. Bc3 Qd8 20. Qg3 g5 21. Bxa5 b6
22. Bc3 Kf7 23. Nd5 {Black resigns} 1-0

[Event "Team 45 45 League T66"]
[Site "Internet Chess Club"]
[Date "2015.10.04"]
[Round "5"]
[White "Ptzz"]
[Black "Agarnez"]
[Result "0-1"]
[WhiteElo "1967"]
[BlackElo "2008"]
[Opening "QGD: exchange, positional line"]
[ECO "D35"]
[Time "13:01:08"]
[TimeControl "2700+45"]

1. c4 Nf6 2. d4 e6 3. Nc3 d5 4. cxd5 exd5 5. Bg5 Be7 6. e3 c6 7. Qc2 Na6 8. a3
Nc7 9. Bd3 g6 10. h3 Ne6 11. Bh4 Ng7 12. g4 h5 13. Bxg6 fxg6 14. Qxg6+ Kf8 15.
Nf3 Bd7 16. Ne5 Be8 17. Qd3 Nd7 18. Bxe7+ Qxe7 19. O-O-O Nxe5 20. dxe5 Qxe5 21.
f4 Qf6 22. f5 Bf7 23. e4 Re8 24. Kb1 dxe4 25. Nxe4 Qe5 26. Nd6 Bd5 27. f6 Qxd6
28. fxg7+ Kxg7 29. Ka1 Qg6 30. Qd4+ Qf6 31. Qxf6+ Kxf6 32. Rhf1+ Kg6 33. g5 Rhf8
34. h4 Rxf1 35. Rxf1 Re4 36. Rf6+ Kg7 37. b4 Rxh4 {White resigns} 0-1

[Event "Team 45 45 League T66"]
[Site "Internet Chess Club"]
[Date "2015.10.04"]
[Round "5"]
[White "willhelm"]
[Black "Holgate"]
[Result "1/2-1/2"]
[WhiteElo "1884"]
[BlackElo "2036"]
[Opening "Grünfeld with e3 & Qb3"]
[ECO "D95"]
[Time "15:00:32"]
[TimeControl "2700+45"]

1. d4 Nf6 2. Nf3 g6 3. c4 Bg7 4. Nc3 d5 5. e3 O-O 6. Qb3 c6 7. Bd2 dxc4 8. Bxc4
b5 9. Be2 a5 10. Rd1 Bf5 11. a4 b4 12. Na2 Nbd7 13. Nc1 Qb6 14. Bc4 Ne4 15. Nh4
Nxd2 16. Rxd2 Be4 17. f3 Bf6 18. fxe4 Bxh4+ 19. g3 Bg5 20. O-O Nf6 21. e5 Nd5
22. Bxd5 cxd5 23. Ne2 Rac8 24. Nf4 e6 25. h4 Bh6 26. g4 Rc7 27. g5 Bg7 28. Nd3
Rfc8 29. Rff2 Bf8 30. Kg2 Be7 31. Kg3 Qa6 32. Qd1 Qc6 33. Rf3 Qe8 {Game drawn by
mutual agreement} 1/2-1/2

[Event "Team 45 45 League T66"]
[Site "Internet Chess Club"]
[Date "2015.10.04"]
[Round "5"]
[White "Tobiasdelmonte"]
[Black "roji"]
[Result "1/2-1/2"]
[WhiteElo "1817"]
[BlackElo "1872"]
[Opening "Modern defense"]
[ECO "A40"]
[Time "22:02:07"]
[TimeControl "2700+45"]

1. d4 g6 2. Nf3 Bg7 3. Bf4 d6 4. e3 Nd7 5. c4 Nh6 6. Nc3 O-O 7. Be2 c6 8. h3 e5
9. Bh2 Qe7 10. O-O e4 11. Nd2 f5 12. b4 Nf7 13. Qb3 Nf6 14. b5 c5 15. Rfd1 cxd4
16. exd4 e3 17. Nf3 exf2+ 18. Kxf2 Ne4+ 19. Nxe4 fxe4 20. Ne1 Ne5+ 21. Kg1 Nd3
22. Nxd3 Bxd4+ 23. Nf2 Bxf2+ 24. Kh1 Bc5 25. Rf1 Bf5 26. Rad1 Rf7 27. Qg3 Raf8
28. Bg1 Be6 29. Rfe1 Bxg1 30. Kxg1 d5 31. cxd5 Qc5+ 32. Kh1 Bxd5 33. Rc1 Qb4 34.
a3 Qa5 35. Red1 Be6 36. Qe5 Bb3 37. Re1 Qa4 38. Bg4 Qxa3 39. Qxe4 Qd6 40. Bf3 b6
41. Re3 Ba2 42. Rc6 Qf4 43. Qxf4 Rxf4 44. Ra3 Bc4 45. Rxa7 Bxb5 46. Rxb6 Bc4 47.
Rc6 Bb3 48. Rb7 Rxf3 49. gxf3 Bd5 50. Rcc7 Bxf3+ 51. Kh2 Bxb7 52. Rxb7 Rf7 53.
Rb6 Kg7 54. Kg3 Rf6 55. Rb7+ Kh6 56. h4 Rd6 57. Kg4 Rd4+ 58. Kg3 Rd8 59. Rb5 Kg7
60. Rb7+ Kg8 61. Kg4 Rf8 62. Kg5 Rf5+ 63. Kg4 Rf7 64. Rb8+ Kg7 65. Rb5 h6 66.
Ra5 Re7 67. Rb5 Kf6 68. Kg3 Re5 69. Rb6+ Kf5 70. Rb3 Re4 71. Rf3+ Ke5 72. Ra3
Rd4 73. Ra6 Rd6 74. Ra5+ Ke4 75. Ra4+ Rd4 76. Ra6 Kf5 77. Ra5+ Ke6 78. Ra6+ Rd6
79. Ra3 Kf5 80. Ra5+ Ke4 81. Ra4+ Ke5 82. Ra5+ Rd5 83. Ra6 Kf5 84. Ra3 g5 85.
hxg5 hxg5 86. Rf3+ Kg6 87. Rf8 {Game drawn by mutual agreement} 1/2-1/2

[Event "Team 45 45 League T66"]
[Site "Internet Chess Club"]
[Date "2015.10.04"]
[Round "5"]
[White "chessnow"]
[Black "SlimeDog2"]
[Result "1/2-1/2"]
[WhiteElo "1851"]
[BlackElo "2050"]
[Opening "Ruy Lopez: Berlin defense, open variation"]
[ECO "C67"]
[Time "22:16:15"]
[TimeControl "2700+45"]

1. e4 e5 2. Nf3 Nc6 3. Bb5 Nf6 4. O-O Nxe4 5. Re1 Nd6 6. Bxc6 dxc6 7. Nxe5 Be7
8. d3 O-O 9. Nc3 Re8 10. Bf4 Nf5 11. Qd2 Nd4 12. Ne4 f6 13. Nc4 Ne6 14. Bg3 c5
15. Rad1 Bd7 16. Na5 b6 17. Nb3 a5 18. d4 a4 19. d5 axb3 20. dxe6 Bxe6 21. axb3
Qc8 22. Qf4 Ra7 23. Ra1 Rxa1 24. Rxa1 Bd8 25. h3 Bd5 26. Nc3 Bc6 27. Qc4+ Re6
28. Re1 Kf7 29. Rd1 Be7 30. Nb5 Bxb5 31. Qxb5 Bd6 32. Bxd6 Rxd6 33. Rxd6 cxd6
34. Qxb6 Qe6 35. Qb7+ Kg6 36. Qf3 Qe1+ 37. Kh2 Qd2 38. Qe4+ Kf7 39. Qc4+ Ke7 40.
Qe4+ Kf7 {Game drawn by mutual agreement} 1/2-1/2

[Event "Team 45 45 League T66"]
[Site "Internet Chess Club"]
[Date "2015.10.02"]
[Round "5"]
[White "sharky123"]
[Black "SAC2001"]
[Result "1/2-1/2"]
[WhiteElo "1815"]
[BlackElo "1837"]
[Opening "Four knights: Scotch, 4...exd4"]
[ECO "C47"]
[Time "22:00:08"]
[TimeControl "2700+45"]

1. e4 e5 2. Nf3 Nc6 3. Nc3 Nf6 4. d4 exd4 5. Nxd4 Bb4 6. Nxc6 bxc6 7. Bd3 d5 8.
exd5 cxd5 9. O-O O-O 10. Bg5 c6 11. Qf3 Bd6 12. Rfe1 Rb8 13. Rab1 h6 14. Bh4 Bd7
15. a3 Bc7 16. Na4 a5 17. Nc5 Bc8 18. Bxf6 Qxf6 19. Qxf6 gxf6 20. Na6 Bxa6 21.
Bxa6 Be5 22. b3 Kg7 23. Bd3 Rfe8 24. Re3 Bd6 25. Rxe8 Rxe8 26. a4 Bb4 27. Kf1 d4
28. f3 c5 29. Kf2 Re3 30. g4 Kf8 31. Rd1 Ke7 32. Be2 Kd6 33. Rd3 Re5 34. f4 Re8
35. Rh3 Rh8 36. Kf3 Bd2 37. Bc4 Ke7 38. Rh5 Re8 39. Bb5 Rh8 40. Rxc5 Kf8 41. Rf5
Kg7 42. h4 Rc8 43. Bc4 Re8 44. Be2 Re3+ 45. Kf2 Re4 46. Bf3 Rxf4 47. Rxf4 Bxf4
48. Ke2 f5 49. Kd3 fxg4 50. Bxg4 Be5 51. Kc4 Kf6 52. Kb5 Bc7 53. b4 axb4 54.
Kxb4 Ke5 55. a5 f5 56. Be2 Kd6 57. a6 Kc6 58. Bd3 Kb6 59. Kc4 Kxa6 60. Kxd4+ Kb6
61. Bxf5 Kc6 62. Ke4 Kd6 63. Bg4 Ke7 64. Kf5 Kf7 65. h5 Bb6 66. Bf3 Kg7 67. c4
Bc5 68. Ke5 Ba3 69. Kd5 Be7 70. c5 Bxc5 71. Kxc5 Kh8 72. Be4 Kg7 73. Kd6 Kh8 74.
Ke6 Kg7 75. Kf5 Kh8 76. Kg6 Kg8 77. Kxh6 Kh8 78. Kg6 Kg8 79. h6 Kh8 80. Kf6 Kg8
81. h7+ Kh8 82. Kg5 Kg7 83. Kh5 Kh8 {Game drawn by mutual agreement} 1/2-1/2

[Event "Team 45 45 League T66"]
[Site "Internet Chess Club"]
[Date "2015.10.03"]
[Round "5"]
[White "joebobpop"]
[Black "Holzschlange"]
[Result "0-1"]
[WhiteElo "1873"]
[BlackElo "1849"]
[Opening "Ruy Lopez: closed, Flohr-Zaitsev system (Lenzerheide variation)"]
[ECO "C92"]
[Time "19:05:07"]
[TimeControl "2700+45"]

1. e4 e5 2. Nf3 Nc6 3. Bb5 a6 4. Ba4 Nf6 5. O-O Be7 6. Re1 b5 7. Bb3 d6 8. c3
O-O 9. h3 Bb7 10. d4 Re8 11. Nbd2 Bf8 12. Bc2 g6 13. Nf1 exd4 14. cxd4 Nb4 15.
Ng3 Nxc2 16. Qxc2 Rc8 17. Bg5 Be7 18. Rad1 d5 19. exd5 Nxd5 20. Bxe7 Rxe7 21.
Ne5 Qd6 22. Ne4 Qb6 23. Qc5 Rce8 24. Qxb6 cxb6 25. Nd6 Rd8 26. Nxb7 Rxb7 27. Rc1
f6 28. Nd3 Kf7 29. f3 Ne7 30. Re4 Nf5 31. Nb4 Ng3 32. Ree1 Rxd4 33. Nxa6 Rd2 34.
Rb1 Ne2+ 35. Kh1 Nf4 36. Nb4 Nxg2 37. Re4 f5 38. Re5 Nh4 39. Rf1 Rxb2 40. Rxb5
Rd7 41. Rxb6 Nxf3 {White resigns} 0-1

[Event "Team 45 45 League T66"]
[Site "Internet Chess Club"]
[Date "2015.10.04"]
[Round "5"]
[White "tryanything"]
[Black "gyu123987kool"]
[Result "0-1"]
[WhiteElo "1551"]
[BlackElo "1749"]
[Opening "Ponziani: Jaenisch counter-attack"]
[ECO "C44"]
[Time "19:00:48"]
[TimeControl "2700+45"]

1. e4 e5 2. Nf3 Nc6 3. c3 Nf6 4. Bd3 d5 5. Qe2 Bd6 6. h3 dxe4 7. Bxe4 Nxe4 8.
Qxe4 f5 9. Qe2 O-O 10. O-O e4 11. Ne1 Ne5 12. d3 Qh4 13. dxe4 fxe4 14. Nd2 Bxh3
15. Qxe4 Bg4 16. f3 Bc5+ {White resigns} 0-1